AoeStats
← NicoCHavez2015

Hideout

509544255Analyzed
1v1 RM · 5d ago on Sep 27, 2026· 20m 6s· 2 players
Game mode
Random Map
Map size
Tiny (2 player)
Population
200
Speed
Normal
Resources
Standard
Victory
Conquest
Starting age
Dark Age
Ending age
Imperial Age
RankedLock teamsTeams togetherTeam positionsShared explorationLock speedFull tech treeHidden civsTurbo modeCheats
Victory
Defeat
🇧🇴 Magyars · Bolivia
1067
+16
🇦🇷 Malay · Argentina
1061
-16
Jony
7:23 Loom
9:58 Feudal Age
10:11 Man-at-Arms
16:24 Forging
16:57 Fletching
17:12 Arson
18:57 Wheelbarrow
18:38 Padded Archer Armor
NicoCHavez2015
5:20 Loom
11:14 Feudal Age
16:30 Castle Age
16:04 Scale Barding Armor
16:00 Double-Bit Axe
Connection lost

Rejoining the realm…

Still unreachable

The connection could not be restored.

Session expired

The server has moved on; the page needs a fresh start.